[Event "42nd Olympiad Baku 2016 Open"]
[Site "Baku"]
[Date "2016.09.05"]
[Round "4.7"]
[White "Nezad, Husein Aziz"]
[Black "Antoniou, Antonis"]
[Result "1/2-1/2"]
[ECO "D45"]
[WhiteElo "2427"]
[BlackElo "2172"]
[Annotator ""]
[PlyCount "105"]
[EventDate "2016.??.??"]
[EventCountry "AZE"]
[SourceTitle "playchess.com"]
[Source "ChessBase"]
[WhiteTeam "Qatar"]
[BlackTeam "Cyprus"]
[WhiteTeamCountry "QAT"]
[BlackTeamCountry "CYP"]
[TimeControl "40/5400+30:1800+30"]

1. d4 {(00:00)} d5 {(00:00)} 2. c4 {(00:00)} e6 {(
00:00)} 3. Nc3 {(00:00)} Nf6 {(00:00)} 4. Nf3 {(00:26)} c6
{(00:00)} 5. e3 {(00:09)} Nbd7 {(00:02)} 6. Qc2 {(
00:37)} Bd6 {(00:05)} 7. Bd3 {(00:22)} O-O {(00:07)} 8.
O-O {(00:05)} dxc4 {(00:03)} 9. Bxc4 {(00:07)} e5 {
(00:23)} 10. h3 {(01:41)} h6 {(00:06)} 11. Rd1 {(
02:03)} exd4 {(00:22)} 12. exd4 {(01:29)} Nb6 {(00:13)}
13. Bb3 {(00:31)} Nbd5 {(00:34)} 14. Ne5 {(14:39)} Be6 {
(14:24)} 15. Qe2 {(03:08)} Re8 {(15:36)} 16. Qf3 {(
01:00)} Qc7 {(05:20)} 17. Nd3 {(09:58)} Rad8 {(06:31)} 18.
Ne2 {(04:19)} Qe7 {(20:52)} 19. Ng3 {(04:08)} Bxg3 {
(05:14)} 20. Qxg3 {(06:27)} Nh5 {(01:36)} 21. Qf3 {
(01:43)} Qh4 {(00:03)} 22. Nc5 {(15:55)} Bc8 {(00:
30)} 23. Bd2 {(00:30)} Nhf6 {(02:30)} 24. Bc3 {(03:36)}
Qf4 {(01:13)} 25. Qxf4 {(06:55)} Nxf4 {(00:04)} 26. Bc4 {
(01:29)} N4d5 {(19:24)} 27. Bd2 {(02:01)} Ne4 {(00:
47)} 28. Be1 {(01:28)} Nf4 {(01:59)} 29. Bf1 {(01:20)} Nd6
{(01:19)} 30. Bc3 {(03:54)} Nf5 {(01:34)} 31. Re1 {
(01:03)} Ne6 {(00:42)} 32. Nb3 {(01:15)} Nf4 {(01:
44)} 33. Na5 {(01:21)} Ne6 {(01:27)} 34. Rad1 {(00:44)}
Nc7 {(00:26)} 35. g3 {(04:53)} Rxe1 {(01:43)} 36. Rxe1 {
(00:15)} Re8 {(00:20)} 37. Rxe8+ {(02:49)} Nxe8 {(
00:01)} 38. Bg2 {(02:08)} Nc7 {(00:50)} 39. Kf1 {(00:38)}
Nb5 {(00:41)} 40. a4 {(00:00)} Nc7 {(00:00)} 41. Ke2 {
(02:49)} Nd5 {(05:54)} 42. Kd3 {(01:29)} Nd6 {(00:
43)} 43. Kd2 {(07:56)} f6 {(03:41)} 44. h4 {(02:34)} Kf7 {
(00:23)} 45. b3 {(00:48)} Nxc3 {(04:33)} 46. Kxc3 {
(00:07)} Be6 {(01:04)} 47. Nc4 {(04:42)} Ke7 {(08:
07)} 48. Ne3 {(00:17)} Nf5 {(01:44)} 49. b4 {(07:00)} Kd6
{(02:09)} 50. Nxf5+ {(02:28)} Bxf5 {(00:06)} 51. a5 {
(00:08)} b6 {(00:25)} 52. axb6 {(00:47)} axb6 {(00:
03)} 53. Bf3 {Kd5} 1/2-1/2

[Event "42nd Olympiad Baku 2016 Open"]
[Site "Baku"]
[Date "2016.09.05"]
[Round "4.22"]
[White "Nguyen, Huynh Minh Huy"]
[Black "Heidenfeld, Mark"]
[Result "1-0"]
[ECO "D11"]
[WhiteElo "2435"]
[BlackElo "2366"]
[Annotator ""]
[PlyCount "51"]
[EventDate "2016.??.??"]
[EventCountry "AZE"]
[SourceTitle "playchess.com"]
[Source "ChessBase"]
[WhiteTeam "Vietnam"]
[BlackTeam "Ireland"]
[WhiteTeamCountry "VIE"]
[BlackTeamCountry "IRL"]
[TimeControl "40/5400+30:1800+30"]

1. d4 {(00:00)} d5 {(00:03)} 2. Nf3 {(00:36)} Nf6 {
(00:57)} 3. c4 {(00:24)} c6 {(01:19)} 4. e3 {(02:
50)} e6 {(07:41)} 5. Bd3 {(00:34)} Nbd7 {(01:05)} 6. b3 {
(00:47)} Bb4+ {(03:48)} 7. Nbd2 {(00:12)} Qe7 {(12:
24)} 8. Bb2 {(05:45)} Ba3 {(12:06)} 9. Bxa3 {(02:25)} Qxa3
{(00:05)} 10. O-O {(00:40)} Qd6 {(05:34)} 11. Qc2 {
(06:27)} O-O {(05:59)} 12. Rad1 {(04:29)} g6 {(07:
45)} 13. Rfe1 {(03:52)} Re8 {(03:30)} 14. e4 {(05:13)}
dxe4 {(05:27)} 15. Nxe4 {(01:15)} Nxe4 {(01:12)} 16. Bxe4
{(00:13)} c5 {(05:59)} 17. Qc3 {(06:39)} Rb8 {(06:
02)} 18. a4 {(15:39)} b6 {(08:41)} 19. dxc5 {(03:32)} Qxc5
{(00:12)} 20. Nd4 {(06:10)} a6 {(05:48)} 21. Bc6 {(
02:44)} Rd8 {(01:31)} 22. b4 {(05:41)} Qg5 {(00:59)} 23.
b5 {(14:50)} Nc5 {(01:24)} 24. a5 {(00:49)} axb5 {(
01:20)} 25. cxb5 {(00:13)} bxa5 {(00:41)} 26. Nf3 {(00:19]
} 1-0

[Event "42nd Olympiad Baku 2016 Open"]
[Site "Baku"]
[Date "2016.09.05"]
[Round "4.10"]
[White "Nikolov, Momchil"]
[Black "Mchedlishvili, Mikheil"]
[Result "0-1"]
[ECO "A50"]
[WhiteElo "2585"]
[BlackElo "2609"]
[Annotator ""]
[PlyCount "94"]
[EventDate "2016.??.??"]
[EventCountry "AZE"]
[SourceTitle "playchess.com"]
[Source "ChessBase"]
[WhiteTeam "Bulgaria"]
[BlackTeam "Georgia"]
[WhiteTeamCountry "BUL"]
[BlackTeamCountry "GEO"]
[TimeControl "40/5400+30:1800+30"]

1. d4 {(00:00)} Nf6 {(00:00)} 2. c4 {(00:00)} g6 {(
00:32)} 3. f3 {(01:23)} Nc6 {(01:50)} 4. Nc3 {(00:46)} d5
{(01:56)} 5. cxd5 {(00:56)} Nxd5 {(00:08)} 6. e4 {(
01:49)} Nxc3 {(00:41)} 7. bxc3 {(00:11)} e5 {(01:27)} 8.
Bb5 {(07:54)} Bd7 {(02:11)} 9. Ne2 {(02:31)} Bg7 {(
02:19)} 10. Be3 {(04:34)} O-O {(03:05)} 11. d5 {(10:00)}
Na5 {(01:54)} 12. Bd3 {(00:35)} Qe7 {(11:53)} 13. O-O {
(02:02)} c5 {(05:17)} 14. c4 {(02:49)} b6 {(01:22)}
15. Nc3 {(13:01)} f5 {(02:27)} 16. exf5 {(24:25)} gxf5 {
(06:10)} 17. Qd2 {(02:13)} Nb7 {(03:16)} 18. a4 {(
02:01)} Rae8 {(08:05)} 19. Rae1 {(04:42)} Nd6 {(05:17)}
20. f4 {(06:53)} e4 {(03:04)} 21. Be2 {(02:18)} Bf6 {
(02:33)} 22. a5 {(01:58)} Qg7 {(01:36)} 23. Rc1 {(
00:42)} Kh8 {(04:12)} 24. Rfd1 {(00:36)} Rg8 {(04:55)} 25.
Bf1 {(00:15)} Rb8 {(00:36)} 26. Rc2 {(02:11)} Rb7 {
(02:19)} 27. axb6 {(01:14)} axb6 {(00:08)} 28. Rb1 {
(00:13)} Ra8 {(01:58)} 29. Rb3 {(00:48)} Bd4 {(03:
32)} 30. Ne2 {(01:01)} Bxe3+ {(02:38)} 31. Qxe3 {(00:50)}
Ra4 {(06:52)} 32. Nc3 {(02:29)} Ra1 {(00:29)} 33. Ra2 {
(02:04)} Nxc4 {(05:21)} 34. Rxa1 {(00:26)} Nxe3 {(
00:05)} 35. Ra8+ {(00:09)} Qg8 {(00:21)} 36. Rxg8+ {(00:
04)} Kxg8 {(00:05)} 37. Nxe4 {(00:34)} fxe4 {(01:48)} 38.
Rxe3 {(00:04)} b5 {(00:12)} 39. Rxe4 {(01:14)} b4 {
(00:14)} 40. Rc4 {(00:00)} b3 {(00:00)} 41. Rxc5 {(
02:40)} Bf5 {(09:30)} 42. d6 {(07:01)} b2 {(01:23)} 43.
Bc4+ {(00:54)} Kh8 {(02:49)} 44. Ba2 {(01:44)} Ra7 {
(01:06)} 45. Bb1 {(06:35)} Ra1 {(01:26)} 46. Kf2 {(
01:36)} Rxb1 {(00:37)} 47. Rb5 {(00:11)} Rf1+ {(01:58)}
0-1

[Event "42nd Olympiad Baku 2016 Open"]
[Site "Baku"]
[Date "2016.09.05"]
[Round "4.7"]
[White "Niraula, Bhupendra"]
[Black "Kim, Saebyeok"]
[Result "0-1"]
[ECO "B23"]
[WhiteElo "2071"]
[BlackElo "1950"]
[Annotator ""]
[PlyCount "70"]
[EventDate "2016.??.??"]
[EventCountry "AZE"]
[SourceTitle "playchess.com"]
[Source "ChessBase"]
[WhiteTeam "Nepal"]
[BlackTeam "Korea"]
[WhiteTeamCountry "NEP"]
[BlackTeamCountry "KOR"]
[TimeControl "40/5400+30:1800+30"]

1. e4 {(00:00)} c5 {(00:00)} 2. Nc3 {(00:00)} Nc6 {
(00:04)} 3. f4 {(00:15)} g6 {(00:21)} 4. Nf3 {(00:
20)} Bg7 {(00:04)} 5. Bb5 {(03:13)} Nd4 {(00:12)} 6. O-O {
(00:40)} a6 {(01:19)} 7. Bd3 {(01:02)} d6 {(01:55)}
8. Ne2 {(05:51)} Nxf3+ {(07:20)} 9. Rxf3 {(04:28)} d5 {
(03:17)} 10. exd5 {(05:17)} Qxd5 {(00:10)} 11. c4 {
(04:46)} Qd6 {(00:45)} 12. f5 {(01:34)} Nh6 {(01:
04)} 13. Ng3 {(09:55)} Ng4 {(05:10)} 14. Qe2 {(06:36)} Ne5
{(28:28)} 15. Re3 {(01:43)} Nxd3 {(01:20)} 16. Rxd3 {
(01:39)} Bd4+ {(00:17)} 17. Kh1 {(02:08)} gxf5 {(
07:43)} 18. Rf3 {(04:32)} f4 {(05:47)} 19. Ne4 {(05:05)}
Qe5 {(01:16)} 20. d3 {(02:45)} Bg4 {(01:08)} 21. Qf1 {
(04:06)} Bxf3 {(02:19)} 22. Qxf3 {(01:05)} f5 {(04:
35)} 23. Qh5+ {(07:48)} Kd8 {(00:21)} 24. Bxf4 {(00:13)}
Qxf4 {(00:50)} 25. Ng5 {(00:25)} Qg4 {(05:08)} 26. Qh6 {
(05:41)} Rg8 {(01:47)} 27. Ne6+ {(11:14)} Ke8 {(06:
35)} 28. Qd2 {(01:33)} Be3 {(01:18)} 29. Qc2 {(01:01)} Kd7
{(00:20)} 30. Re1 {(05:01)} f4 {(00:42)} 31. d4 {(
00:55)} Qxe6 {(01:17)} 32. dxc5 {(00:29)} Qg6 {(01:36)}
33. Qd1+ {(01:49)} Kc7 {(00:32)} 34. Qf3 {(00:53)} Qc6 {
(00:15)} 35. Qe2 {(00:56)} Rad8 {(00:04)} 0-1

[Event "42nd Olympiad Baku 2016 Open"]
[Site "Baku"]
[Date "2016.09.05"]
[Round "4.9"]
[White "Nisipeanu, Liviu-Dieter"]
[Black "Rodshtein, Maxim"]
[Result "1/2-1/2"]
[ECO "B12"]
[WhiteElo "2687"]
[BlackElo "2687"]
[Annotator ""]
[PlyCount "66"]
[EventDate "2016.??.??"]
[EventCountry "AZE"]
[SourceTitle "playchess.com"]
[Source "ChessBase"]
[WhiteTeam "Germany"]
[BlackTeam "Israel"]
[WhiteTeamCountry "GER"]
[BlackTeamCountry "ISR"]
[TimeControl "40/5400+30:1800+30"]

1. e4 {(00:00)} c6 {(00:36)} 2. d4 {(00:00)} d5 {(
00:04)} 3. e5 {(00:00)} Bf5 {(00:18)} 4. h4 {(00:55)} h5 {
(01:01)} 5. Bd3 {(00:30)} Bxd3 {(00:23)} 6. Qxd3 {(
00:05)} e6 {(00:07)} 7. Bg5 {(00:26)} Be7 {(00:30)} 8. Nf3
{(00:36)} Nh6 {(00:53)} 9. Nc3 {(02:38)} Nf5 {(01:
13)} 10. Ne2 {(02:28)} c5 {(01:19)} 11. dxc5 {(04:55)} Na6
{(00:51)} 12. Ned4 {(16:52)} Nxd4 {(03:14)} 13. Qxd4 {
(00:48)} Nxc5 {(05:37)} 14. O-O {(01:46)} b5 {(43:
39)} 15. b3 {(21:19)} O-O {(04:40)} 16. Rad1 {(01:53)} Ne4
{(08:15)} 17. Bxe7 {(01:39)} Qxe7 {(00:06)} 18. c4 {
(00:05)} bxc4 {(00:05)} 19. bxc4 {(00:04)} Rfd8 {(
00:13)} 20. cxd5 {(03:27)} exd5 {(01:14)} 21. Rc1 {(01:26]
} Rab8 {(02:23)} 22. Rc2 {(07:05)} Rb4 {(02:15)} 23. Qe3 {
(00:16)} Qb7 {(05:56)} 24. Nd4 {(06:48)} Re8 {(03:
42)} 25. Nc6 {(13:36)} Rb1 {(03:15)} 26. Rxb1 {(01:13)}
Qxb1+ {(00:06)} 27. Qc1 {(00:59)} Qb6 {(03:35)} 28. Rb2 {
(03:08)} Qc7 {(02:37)} 29. Rc2 {(00:04)} Qb6 {(00:
55)} 30. Rb2 {(00:08)} Qc7 {(02:24)} 31. Rc2 {(00:07)} Qb6
{(00:25)} 32. Rb2 {(06:23)} Qc7 {(00:14)} 33. Rc2 {
(00:05)} Qb6 {(00:04)} 1/2-1/2

[Event "42nd Olympiad Baku 2016 Open"]
[Site "Baku"]
[Date "2016.09.05"]
[Round "4.10"]
[White "Numatsi, Yawotsu Dzigba"]
[Black "Bernardi, Giancarlo"]
[Result "1/2-1/2"]
[ECO "B56"]
[WhiteElo "1677"]
[BlackElo "1668"]
[Annotator ""]
[PlyCount "138"]
[EventDate "2016.??.??"]
[EventCountry "AZE"]
[SourceTitle "playchess.com"]
[Source "ChessBase"]
[WhiteTeam "TOG"]
[BlackTeam "SMR"]
[WhiteTeamCountry "TOG"]
[BlackTeamCountry "ITA"]
[TimeControl "40/5400+30:1800+30"]

1. e4 {(00:00)} c5 {(00:00)} 2. Nf3 {(00:00)} Nc6 {
(00:05)} 3. d4 {(00:12)} cxd4 {(00:46)} 4. Nxd4 {(
00:19)} g6 {(00:29)} 5. Nc3 {(02:50)} Bg7 {(00:25)} 6.
Nxc6 {(04:07)} bxc6 {(00:20)} 7. Bd2 {(03:56)} d6 {
(02:03)} 8. Bd3 {(01:17)} Nf6 {(00:24)} 9. O-O {(
00:09)} O-O {(00:12)} 10. h3 {(01:31)} Bb7 {(01:39)} 11.
Re1 {(00:29)} Rb8 {(04:14)} 12. Qc1 {(00:12)} Re8 {
(00:58)} 13. Bh6 {(00:36)} Bh8 {(00:21)} 14. e5 {(
08:28)} dxe5 {(00:48)} 15. Rxe5 {(02:28)} Nd5 {(00:26)}
16. Rg5 {(12:11)} Nxc3 {(01:05)} 17. bxc3 {(04:28)} Bxc3 {
(00:17)} 18. Rb1 {(00:08)} Ba8 {(04:17)} 19. Rb3 {(
02:48)} Rxb3 {(03:30)} 20. axb3 {(00:44)} Qd6 {(07:47)}
21. Rg4 {(04:53)} c5 {(06:39)} 22. Be4 {(08:47)} Bxe4 {
(01:27)} 23. Rxe4 {(00:28)} Be5 {(01:54)} 24. Qe1 {
(06:20)} Bd4 {(08:11)} 25. Qe2 {(02:43)} e6 {(02:
06)} 26. Qd3 {(08:24)} Rd8 {(03:32)} 27. Re2 {(05:30)} Qc7
{(00:28)} 28. Qf3 {(04:26)} Bg7 {(08:44)} 29. Bd2 {
(01:01)} Bh6 {(01:04)} 30. Bc3 {(00:49)} Bg7 {(17:
23)} 31. Rd2 {(02:24)} Rxd2 {(05:13)} 32. Bxd2 {(00:03)}
Qd8 {(03:10)} 33. Be3 {(00:23)} Bd4 {(02:07)} 34. Kf1 {
(02:44)} Qa5 {(02:23)} 35. Qa8+ {(00:54)} Kg7 {(00:
32)} 36. Bxd4+ {(00:54)} cxd4 {(00:30)} 37. Qe4 {(00:45)}
Qd2 {(02:10)} 38. g3 {(02:43)} a5 {(01:56)} 39. Qe2 {
(01:19)} Qc3 {(02:30)} 40. Kg2 {(00:00)} Qc6+ {(00:
00)} 41. f3 {(04:22)} Qc5 {(11:17)} 42. Kf1 {(05:13)} h5 {
(02:09)} 43. Qe4 {(01:44)} e5 {(02:17)} 44. Ke2 {(
00:52)} f5 {(00:44)} 45. Qd3 {(01:19)} Qc7 {(07:06)} 46.
Qd2 {(01:19)} Qc5 {(02:23)} 47. h4 {(01:43)} e4 {(
01:01)} 48. f4 {(03:18)} Qb5+ {(01:24)} 49. Ke1 {(02:05)}
Qc5 {(01:07)} 50. Ke2 {(03:35)} e3 {(00:45)} 51. Qd1 {
(06:34)} Qd5 {(01:33)} 52. Qd3 {(03:48)} Qg2+ {(04:
30)} 53. Kd1 {(00:02)} Qg1+ {(00:52)} 54. Ke2 {(00:20)}
Qf2+ {(00:37)} 55. Kd1 {(00:05)} Qf3+ {(01:19)} 56. Kc1 {
(01:18)} Qd5 {(00:49)} 57. Kd1 {(00:08)} Qd6 {(01:
50)} 58. c3 {(02:37)} e2+ {(00:32)} 59. Ke1 {(00:59)} Qe7
{(01:59)} 60. Qxd4+ {(00:09)} Kh7 {(00:19)} 61. Qd3 {
(01:53)} Qa3 {(00:42)} 62. Qc2 {(00:41)} Qa1+ {(00:
42)} 63. Kxe2 {(00:17)} Qg1 {(00:46)} 64. Qd3 {(01:51)}
Qg2+ {(00:42)} 65. Kd1 {(00:09)} Qg1+ {(00:45)} 66. Kc2 {
(00:07)} Qf2+ {(00:30)} 67. Kb1 {(00:15)} Qe1+ {(
00:16)} 68. Kc2 {(00:15)} Qf2+ {(00:07)} 69. Kb1 {(00:22)}
Qe1+ {(00:42)} 1/2-1/2

[Event "42nd Olympiad Baku 2016 Open"]
[Site "Baku"]
[Date "2016.09.05"]
[Round "4.9"]
[White "Nyback, Tomi"]
[Black "Mabrouk, Fathi"]
[Result "1-0"]
[ECO "E69"]
[WhiteElo "2580"]
[BlackElo "2145"]
[Annotator ""]
[PlyCount "97"]
[EventDate "2016.??.??"]
[EventCountry "AZE"]
[SourceTitle "playchess.com"]
[Source "ChessBase"]
[WhiteTeam "Finland"]
[BlackTeam "Tunisia"]
[WhiteTeamCountry "FIN"]
[BlackTeamCountry "TUN"]
[TimeControl "40/5400+30:1800+30"]

1. d4 {(00:00)} Nf6 {(00:00)} 2. c4 {(00:00)} g6 {(
00:00)} 3. Nf3 {(00:00)} Bg7 {(00:14)} 4. g3 {(00:00)} O-O
{(01:04)} 5. Bg2 {(00:00)} d6 {(02:19)} 6. O-O {(
00:37)} Nbd7 {(01:27)} 7. Nc3 {(00:08)} e5 {(00:28)} 8. e4
{(00:26)} c6 {(02:17)} 9. h3 {(01:22)} exd4 {(01:
13)} 10. Nxd4 {(00:09)} Re8 {(00:25)} 11. Be3 {(04:56)}
Nc5 {(00:53)} 12. Qc2 {(00:31)} a5 {(05:21)} 13. Rad1 {
(07:12)} Qe7 {(03:08)} 14. Rfe1 {(07:06)} Nfd7 {(
11:26)} 15. b3 {(07:25)} h5 {(07:37)} 16. f4 {(07:20)} Nf6
{(05:38)} 17. Bf2 {(04:45)} Qf8 {(14:45)} 18. Nf3 {
(06:35)} Bd7 {(05:26)} 19. Bxc5 {(11:01)} dxc5 {(
00:22)} 20. e5 {(00:07)} Bf5 {(01:15)} 21. Qf2 {(00:17)}
Nh7 {(04:56)} 22. Na4 {(02:11)} Rad8 {(08:11)} 23. Nxc5 {
(02:07)} Rxd1 {(02:27)} 24. Rxd1 {(00:07)} Qe7 {(
00:42)} 25. Nh4 {(09:17)} Bf8 {(02:56)} 26. Nxf5 {(02:56)}
Qxc5 {(00:11)} 27. Nd6 {(02:02)} Bxd6 {(05:58)} 28. Rxd6 {
(00:11)} Qb4 {(02:14)} 29. c5 {(05:41)} Nf8 {(01:
38)} 30. Bf1 {(01:26)} a4 {(04:06)} 31. Bc4 {(01:59)} axb3
{(01:01)} 32. Bxb3 {(00:14)} Qc3 {(02:34)} 33. Kh2 {
(01:54)} Re7 {(01:24)} 34. Qd4 {(06:15)} Qe1 {(00:
46)} 35. Qd2 {(02:33)} Qf1 {(01:36)} 36. Rd8 {(02:04)} Kg7
{(00:57)} 37. Qb2 {(01:38)} Ne6 {(00:51)} 38. Bxe6 {
(01:22)} fxe6 {(00:30)} 39. Qd2 {(02:44)} Qc4 {(00:
39)} 40. Qf2 {(00:00)} h4 {(00:00)} 41. gxh4 {(17:24)} Rf7
{(04:56)} 42. Kg3 {(06:26)} Qc3+ {(05:57)} 43. Kg4 {
(01:05)} Qc1 {(08:26)} 44. h5 {(07:13)} gxh5+ {(01:
32)} 45. Kxh5 {(00:57)} Kh7 {(01:38)} 46. Qg3 {(01:14)}
Rf5+ {(02:24)} 47. Kg4 {(00:07)} Qc4 {(02:17)} 48. Qh4+ {
(00:17)} Kg6 {(00:06)} 49. Rg8+ {(00:08] Rxe5 fxe5+} 1-0

[Event "42nd Olympiad Baku 2016 Open"]
[Site "Baku"]
[Date "2016.09.05"]
[Round "4.23"]
[White "O`Donnell, Conor"]
[Black "Nguyen, Anh Khoi"]
[Result "1/2-1/2"]
[ECO "E67"]
[WhiteElo "2343"]
[BlackElo "2448"]
[Annotator ""]
[PlyCount "114"]
[EventDate "2016.??.??"]
[EventCountry "AZE"]
[SourceTitle "playchess.com"]
[Source "ChessBase"]
[WhiteTeam "Ireland"]
[BlackTeam "Vietnam"]
[WhiteTeamCountry "IRL"]
[BlackTeamCountry "VIE"]
[TimeControl "40/5400+30:1800+30"]

1. d4 {(00:00)} Nf6 {(00:00)} 2. c4 {(00:00)} g6 {(
00:00)} 3. g3 {(00:00)} Bg7 {(00:00)} 4. Bg2 {(00:00)} O-O
{(00:02)} 5. Nc3 {(00:07)} d6 {(00:11)} 6. Nf3 {(
00:10)} Nbd7 {(00:10)} 7. O-O {(00:13)} e5 {(00:03)} 8. b3
{(00:19)} Re8 {(04:03)} 9. e4 {(00:11)} exd4 {(00:
10)} 10. Nxd4 {(00:06)} Nc5 {(07:38)} 11. f3 {(00:21)} a5
{(06:05)} 12. Be3 {(01:40)} Nfd7 {(09:43)} 13. Qd2 {
(03:43)} Ne5 {(03:39)} 14. h3 {(07:47)} c6 {(19:09]
} 15. Rad1 {(03:47)} a4 {(07:07)} 16. f4 {(20:05)} Ned3 {
(03:21)} 17. Nxa4 {(01:53)} Nxa4 {(17:02)} 18. bxa4 {
(00:10)} Nc5 {(00:05)} 19. Nxc6 {(02:16)} bxc6 {(
03:05)} 20. Bxc5 {(01:13)} Bxh3 {(00:22)} 21. Bxd6 {(16:
29)} Bxg2 {(02:42)} 22. Qxg2 {(00:02)} Rxa4 {(00:06)} 23.
e5 {(04:47)} Rxc4 {(00:14)} 24. Rc1 {(01:18)} Qb6+ {
(00:51)} 25. Qf2 {(05:14)} Qa6 {(02:08)} 26. Qe2 {(
03:44)} Qb6+ {(00:09)} 27. Qf2 {(03:45)} Qa6 {(00:56)} 28.
Qe2 {(00:08)} Qa7+ {(00:09)} 29. Qf2 {(00:25)} Qa4 {
(00:12)} 30. Qe2 {(06:10)} Re4 {(02:10)} 31. Qc2 {(
00:45)} Qd4+ {(01:15)} 32. Qf2 {(03:24)} Re3 {(04:10)} 33.
Kh2 {(00:05)} Qd3 {(00:25)} 34. Rcd1 {(02:48)} Qe2 {
(02:10)} 35. Rd2 {(01:38)} Qxf2+ {(01:41)} 36. Rfxf2 {
(01:06)} f6 {(02:24)} 37. exf6 {(01:41)} Bxf6 {(00:
06)} 38. Rc2 {(00:57)} Rd8 {(02:06)} 39. Bc7 {(05:36)} Rd1
{(01:49)} 40. Rxc6 {(00:00)} Kg7 {(00:00)} 41. a4 {
(10:43)} Ree1 {(03:11)} 42. a5 {(03:50)} Rh1+ {(01:
08)} 43. Kg2 {(00:02)} Rhg1+ {(00:09)} 44. Kh3 {(01:50)}
Rd3 {(11:11)} 45. f5 {(08:34)} g5 {(07:24)} 46. a6 {
(00:05)} Ra1 {(04:20)} 47. Re2 {(03:22)} Rdd1 {(03:
54)} 48. Bd6 {(07:56)} Rh1+ {(01:09)} 49. Kg2 {(00:09)}
Rhg1+ {(00:18)} 50. Kf3 {(00:24)} Rgf1+ {(00:15)} 51. Ke4
{(01:42)} Ra4+ {(00:14)} 52. Kd5 {(00:05)} Rxf5+ {(
00:21)} 53. Ke6 {(00:07)} Rfa5 {(00:48)} 54. Rf2 {(02:13)}
Bd4 {(01:13)} 55. Rf5 {(01:14)} Rxa6 {(00:41)} 56. Rxg5+ {
(00:22)} Kh6 {(00:04)} 57. Rxa6 {(00:43)} Rxa6 {(
00:01)} 1/2-1/2

[Event "42nd Olympiad Baku 2016 Open"]
[Site "Baku"]
[Date "2016.09.05"]
[Round "4.27"]
[White "Oberholzer, Rex"]
[Black "Chimthere, Alfred Charles"]
[Result "1/2-1/2"]
[ECO "A34"]
[WhiteElo "2047"]
[BlackElo "2037"]
[Annotator ""]
[PlyCount "166"]
[EventDate "2016.??.??"]
[EventCountry "AZE"]
[SourceTitle "playchess.com"]
[Source "ChessBase"]
[WhiteTeam "Namibia"]
[BlackTeam "MAW"]
[WhiteTeamCountry "NAM"]
[TimeControl "40/5400+30:1800+30"]

1. c4 {(00:00)} c5 {(02:30)} 2. g3 {(01:46)} Nf6 {(
03:32)} 3. Nc3 {(00:38)} g6 {(00:59)} 4. Bg2 {(00:10)} Bg7
{(00:05)} 5. e4 {(01:12)} Nc6 {(00:45)} 6. Nge2 {(
00:08)} O-O {(04:28)} 7. O-O {(00:07)} d6 {(03:48)} 8. d3
{(02:04)} e5 {(03:25)} 9. h3 {(01:34)} Bd7 {(07:36]
} 10. Rb1 {(01:30)} Rb8 {(01:39)} 11. f4 {(09:57)} Nd4 {
(00:26)} 12. Nxd4 {(02:18)} cxd4 {(00:10)} 13. Ne2 {
(07:29)} b5 {(03:54)} 14. cxb5 {(04:13)} Rxb5 {(01:
30)} 15. g4 {(04:10)} Bc6 {(11:37)} 16. Ng3 {(02:22)} Nd7
{(03:39)} 17. a4 {(01:44)} Rb8 {(09:20)} 18. b4 {(
02:18)} Nc5 {(02:09)} 19. b5 {(01:24)} a6 {(00:41)} 20.
fxe5 {(04:05)} Bxe5 {(00:25)} 21. Bh6 {(01:01)} axb5 {
(01:00)} 22. axb5 {(03:14)} Bxb5 {(01:07)} 23. Bxf8 {
(02:16)} Qxf8 {(02:07)} 24. Rf3 {(01:03)} Ba4 {(05:
31)} 25. Qc1 {(17:26)} Rxb1 {(11:23)} 26. Qxb1 {(00:33)}
Qh6 {(00:44)} 27. Nf1 {(11:28)} Qg5 {(05:37)} 28. Qb2 {
(03:45)} Bb3 {(00:46)} 29. Qd2 {(06:08)} Qxd2 {(02:
10)} 30. Nxd2 {(00:00)} Bd1 {(00:24)} 31. Rf1 {(00:06)}
Be2 {(00:33)} 32. Ra1 {(02:48)} Bxd3 {(01:11)} 33. Ra8+ {
(00:27)} Kg7 {(00:11)} 34. Rc8 {(00:15)} Bf4 {(01:
11)} 35. Nf1 {(01:56)} Nxe4 {(02:57)} 36. Bxe4 {(00:42)}
Bxe4 {(00:04)} 37. Rc4 {(00:15)} Be5 {(00:34)} 38. Nd2 {
(00:41)} Bd5 {(00:53)} 39. Ra4 {(00:39)} Kf6 {(03:
43)} 40. Ra5 {(00:00)} Ke6 {(00:00)} 41. Kf2 {(00:46)} Bf4
{(01:13)} 42. Nf3 {(00:35)} Be3+ {(02:21)} 43. Ke2 {
(00:42)} Bc4+ {(00:27)} 44. Ke1 {(00:48)} f5 {(01:
21)} 45. gxf5+ {(00:18)} gxf5 {(00:36)} 46. h4 {(00:40)}
h6 {(00:00)} 47. Kd1 {(01:32)} Bd3 {(04:14)} 48. Ke1 {
(02:37)} d5 {(02:52)} 49. Ra4 {(01:33)} Bc4 {(01:
26)} 50. Nd2 {(01:38)} Ke5 {(01:15)} 51. Nxc4+ {(00:18)}
dxc4 {(00:04)} 52. Rxc4 {(00:12)} Kf4 {(01:52)} 53. h5 {
(01:07)} Kg4 {(01:00)} 54. Rc5 {(02:54)} f4 {(02:
36)} 55. Rd5 {(00:26)} f3 {(00:33)} 56. Kf1 {(00:51)} Kf4
{(00:19)} 57. Rd6 {(00:44)} Ke5 {(00:40)} 58. Rd7 {
(00:20)} Ke4 {(00:23)} 59. Re7+ {(00:34)} Kd3 {(02:
05)} 60. Ra7 {(00:41)} Kc2 {(02:47)} 61. Rc7+ {(02:06)}
Kd3 {(03:08)} 62. Re7 {(00:19)} Kd2 {(07:36)} 63. Rf7 {
(00:24)} f2 {(00:19)} 64. Rd7 {(01:06)} Kd3 {(00:
29)} 65. Re7 {(00:21)} Kc4 {(00:28)} 66. Re5 {(00:08)} Kc3
{(01:20)} 67. Rc5+ {(02:20)} Kd2 {(00:47)} 68. Rd5 {
(01:04)} Kd3 {(00:30)} 69. Re5 {(00:16)} Kc4 {(00:
35)} 70. Re8 {(00:41)} Kd5 {(00:38)} 71. Re7 {(00:56)} Kd6
{(01:30)} 72. Re8 {(00:25)} Kd5 {(00:40)} 73. Re7 {
(00:12)} Kc4 {(00:02)} 74. Re5 {(00:11)} Kc3 75. Re8 {
(00:58)} Kc2 {(00:22)} 76. Rc8+ {(00:13)} Kd3 {(00:
17)} 77. Re8 {(00:03)} Kd2 {(00:08)} 78. Rc8 {(00:15)} d3
{(03:31)} 79. Rc6 {(00:15)} Kd1 {(01:52)} 80. Rc8 {
(00:21)} Kd2 {(01:01)} 81. Rc6 {(00:12)} Kd1 {(01:
36)} 82. Rc8 {(00:07)} Kd2 {(00:23)} 83. Rc6 {(00:13)} Kd1
{(00:01)} 1/2-1/2